 Dungeon Crawl Stone Soup version 0.24-a0-487-g57318f2ed0 (webtiles) character file.

Game seed: 6093411565975358886

64 Bikalo the Cutter (level 4, 0/43 HPs)
             Began as a Kobold Berserker on July 11, 2019.
             Was a Follower of Trog.
             Slain by a gnoll (5 damage)
             ... on level 3 of the Dungeon.
             The game lasted 00:02:05 (1523 turns).

Bikalo the Cutter (Kobold Berserker)                Turns: 1523, Time: 00:02:06

Health: 0/43       AC:  2    Str: 17    XL:     4   Next: 32%
Magic:  4/4        EV: 19    Int:  8    God:    Trog [*.....]
Gold:   90         SH:  0    Dex: 15    Spells: 3/3 levels left

rFire    . . .     SeeInvis .   a - +0 short sword
rCold    . . .     Gourm    .   (shield restricted)
rNeg     . . .     Faith    .   b - +0 animal skin
rPois    .         Spirit   .   (no helmet)
rElec    .         Reflect  .   (no cloak)
rCorr    .         Harm     .   (no gloves)
MR       .....                  (no boots)
Stlth    ..........             (no amulet)
HPRegen  0.14/turn              k - +3 ring of evasion
MPRegen  0.09/turn              l - -2 ring of strength (curse)

@: berserking, very quick
A: small, carnivore
a: Berserk, Renounce Religion


You were on level 3 of the Dungeon.
You worshipped Trog.
Trog was aware of your devotion.
You were not hungry.

You visited 1 branch of the dungeon, and saw 3 of its levels.

You collected 90 gold pieces.

Inventory:

Hand Weapons
 a - a +0 short sword (weapon)
Armour
 b - a +0 animal skin (worn)
Jewellery
 k - a +3 ring of evasion (left hand)
 l - a cursed -2 ring of strength (right hand)
 n - an uncursed ring of protection from cold
Wands
 m - a wand of digging (3)
Scrolls
 e - a scroll of remove curse {unknown}
 g - 2 scrolls of teleportation {unknown}
 i - 2 scrolls of identify {unknown}
 o - a scroll of random uselessness {unknown}
 p - a scroll of immolation {unknown}
Potions
 d - a potion of curing {unknown}
 f - 4 potions of lignification {unknown}
 h - a potion of degeneration {unknown}
 j - a potion of resistance {unknown}
Comestibles
 c - 5 rations


   Skills:
 + Level 3.8 Fighting
 * Level 5.1 Short Blades
 - Level 2.0 Armour
 + Level 3.2 Dodging


You had 3 spell levels left.
You didn't know any spells.
Your spell library was empty.

Dungeon Overview and Level Annotations

Branches:
Dungeon (3/15)

Altars:
Ru
Sif Muna
Wu Jian


Innate Abilities, Weirdness & Mutations

You are small and have problems with some larger weapons.
You are carnivorous and can eat meat at any time.


Message History

The goblin hits you with a +0 club.
Things that are here:
a +0 club; a rat corpse You hit the goblin.
You kill the goblin!
Trog accepts your kill.
A gnoll comes into view.
You see here a +0 club.
You hit the gnoll but do no damage.
A gnoll comes into view. It is wielding a +0 club.
The gnoll hits you!
* * * LOW HITPOINT WARNING * * *
You barely miss the gnoll.
An adder comes into view.
A red film seems to cover your vision as you go berserk!
You feel yourself moving faster!
You feel mighty!
You feel a lot more hungry.
The adder hisses angrily.
The gnoll hits you but does no damage.
You closely miss the gnoll. The gnoll hits you.
You die...

#.............##.###
#..........#.#.....
##.................
#...[.............
#..<......#.......
.....######..#)....#
.... ##..)#.....#
... ##..# .##..
#S@#......
#...g#.#####
#.##...# ... #..##
.... ...# ... g..#
... .... .....


You could see 2 gnolls and an adder.

Vanquished Creatures
  A gnoll (D:3)
  3 adders (D:2)
  An ooze (D:1)
  A leopard gecko (D:1)
  2 goblins
  3 hobgoblins
  8 bats
  2 frilled lizards
  A kobold (D:1)
  4 rats
26 creatures vanquished.

Notes
Turn   | Place    | Note
-------+----------+-------------------------------------------
     0 | D:1      | Bikalo the Kobold Berserker began the quest for the Orb.
     0 | D:1      | Reached XP level 1. HP: 14/14 MP: 1/1
   100 | D:1      | Reached XP level 2. HP: 14/19 MP: 2/2
   866 | D:2      | Reached XP level 3. HP: 22/23 MP: 3/3
   987 | D:2      | Found a deep blue altar of Sif Muna.
  1108 | D:2      | Found a sacrificial altar of Ru.
  1454 | D:2      | Reached skill level 5 in Short Blades
  1454 | D:2      | Reached XP level 4. HP: 24/29 MP: 4/4
  1459 | D:2      | Found an ornate altar of the Wu Jian Council.
  1523 | D:3      | Slain by a gnoll

Levels and vault maps discovered:
D:1:      psy_arrival_whirlpool, layout_rooms, serial_forest,
          infiniplex_forest_end_3, infiniplex_forest_end_1,
          infiniplex_forest_lined_3_way, infiniplex_forest_straight_2,
          infiniplex_forest_clump_medium, infiniplex_forest_zigzag_1,
          infiniplex_forest_lined_2, hangedman_decor_slide_cut, minivault_5,
          minmay_misc_feat_diagonals
D:2:      layout_basic, lemuel_doored_altar, marbit_many_paths, first_ration,
          eino_curves_03, nicolae_ru_sacrificial_ziggurat
D:3:      layout_rooms, grunt_temple_overflow_open, kennysheep_doodads

Skill      XL: |  1  2  3 |
---------------+----------+-----
Armour         | 2 |  2.0
Dodging        | 3 |  3.2
Short Blades   | 5 |  5.1
Fighting       | |  3.8

Action                   |  1- 3 |  4- 6 || total
-------------------------+-------+-------++-------
Melee: Short sword       |    85 |    22 ||   107
Invok: Berserk           |       |     1 ||     1
 Stab: Sleeping          |     2 |       ||     2
  Eat: Chunk             |     2 |     1 ||     3
Armor: Animal skin       |     9 |     1 ||    10
Dodge: Dodged            |    86 |    16 ||   102

Table legend:
 A = Non-vault XP
 B = Vault XP
 C = Vault XP percentage of total XP
 D = Non-vault monster count
 E = Vault monster count
 F = Vault count percentage of total count
                 A         B        C        D         E       F
            +---------+---------+-------+---------+---------+-------
      Total |      78 |      14 |  15.2 |      25 |       1 |   3.8
            +---------+---------+-------+---------+---------+-------
        D:1 |      25 |       0 |   0.0 |      13 |       0 |   0.0
        D:2 |      34 |      14 |  29.2 |       8 |       1 |  11.1
        D:3 |      19 |       0 |   0.0 |       4 |       0 |   0.0
            +---------+---------+-------+---------+---------+-------
